Map: Lightshade LE

Players

Pumba - Winner!

  • Race: Zerg Zerg
  • League: Diamond
  • Spawn Location: 11:00

ClsClassiC

  • Race: Terran Terran
  • League: Master
  • Spawn Location: 5:00

VOD

Have the link to the VOD?

Description

Time

  • Played on: Aug. 31, 2021, 4:51 p.m.
  • Length: 19:26
Show
View Real Time Build Order
Export as new Build Order

Pumba Zerg - Winner!

Build Orders: Pool First 

Get SALT Encoding   

  12  0:00  Drone  
  13  0:12  Overlord  
  13  0:17  Drone  
  14  0:30  Drone x2  
  14  0:35  Drone  
  17  0:38  Extractor  
  16  0:52  Spawning Pool, Drone  
  16  0:56  Drone  
  17  1:15  Hatchery  
  16  1:19  Drone  
  16  1:23  Drone  
  18  1:29  Drone  
  19  1:39  Queen  
  21  1:44  Zergling x2  
  22  1:49  Metabolic Boost  
  22  1:55  Overlord  
  22  2:14  Queen, Drone x2  
  26  2:22  Drone  
  27  2:27  Lair  
  27  2:28  Drone  
  28  2:41  Drone x2  
  30  2:45  Overlord  
  30  2:53  Drone x4  
  34  2:59  Extractor  
  34  3:05  Drone x2  
  35  3:15  Overlord  
  35  3:17  Drone  
  36  3:25  Drone x4  
  36  3:26  Drone x3  
  43  3:29  Spire  
  42  3:37  Overseer  
  42  3:46  Zergling x4  
  42  3:47  Zergling x4  
  46  3:53  Hatchery  
  45  4:03  Queen  
  45  4:04  Queen  
  49  4:13  Drone x3  
  49  4:15  Extractor x2  
  50  4:24  Drone x2  
  52  4:26  Overlord x2  
  52  4:35  Overlord x2  
  52  4:46  Zergling x12  
  52  4:49  Queen  
  60  4:53  Zergling x2  
  61  5:06  Overlord  
  61  5:08  Drone  
  61  5:09  Drone  
  61  5:10  Drone x2  
  65  5:17  Drone  
  66  5:21  Overlord  
  66  5:27  Mutalisk x7  
  80  5:38  Mutalisk x2  
  84  5:47  Overlord  
  84  5:48  Zergling x8  
  79  6:23  Overlord x2  
  79  6:24  Overlord  
  79  6:28  Drone x7  
  79  6:32  Baneling Nest  
  84  6:34  Evolution Chamber  
  84  6:35  Evolution Chamber  
  84  6:36  Zerg Flyer Weapons Level 1  
  82  6:49  Drone x5  
  87  7:02  Hatchery  
  87  7:07  Hatchery  
  85  7:18  Drone x8  
  85  7:21  Centrifugal Hooks, Zerg Melee Weapons Level 1  
  85  7:22  Zerg Ground Armor Level 1  
  93  7:29  Extractor x2  
  91  7:42  Overlord x3  
  91  7:43  Overlord  
  91  7:46  Mutalisk x8  
  107  8:23  Drone x3  
  107  8:24  Drone x3  
  107  8:26  Drone x4  
  117  8:34  Drone x4  
  117  8:35  Drone x2  
  117  8:41  Pneumatized Carapace  
  123  8:43  Overseer, Extractor  
  123  8:44  Extractor  
  121  9:03  Zergling x20  
  121  9:04  Zergling x8  
  121  9:05  Baneling  
  121  9:06  Baneling x10  
  121  9:07  Overseer  
  134  9:10  Zerg Flyer Weapons Level 2  
  134  9:28  Zergling x6  
  134  9:29  Zergling x16  
  134  9:30  Baneling  
  134  9:31  Baneling x15  
  145  9:32  Zerg Melee Weapons Level 2, Zerg Ground Armor Level 2  
  145  9:34  Overlord x4  
  143  9:48  Mutalisk x4  
  143  9:50  Zergling x18  
  156  9:59  Overlord  
  152  10:00  Overlord  
  150  10:21  Zergling x24  
  150  10:22  Zergling x6  
  150  10:24  Baneling x19  
  165  10:46  Zergling x20  
  164  10:54  Infestation Pit  
  164  10:55  Roach Warren  
  151  11:06  Burrow  
  148  11:24  Zergling x4  
  148  11:25  Zergling x28  
  164  11:39  Drone  
  166  11:40  Drone  
  165  11:53  Hatchery  
  160  11:54  Zergling x24  
  160  11:56  Baneling x13  
  170  12:02  Zergling x18  
  170  12:04  Hatchery  
  170  12:05  Baneling x4  
  170  12:06  Baneling x7, Hatchery  
  176  12:10  Baneling  
  176  12:11  Baneling x22  
  158  12:16  Baneling  
  158  12:17  Baneling x7  
  153  12:25  Baneling  
  153  12:26  Zergling x8, Baneling x4  
  153  12:35  Zergling x12  
  120  12:39  Zergling x6  
  120  12:43  Mutalisk x2  
  113  12:57  Glial Reconstitution  
  111  12:59  Hive  
  111  13:00  Roach x3  
  117  13:16  Extractor  
  117  13:17  Extractor  
  117  13:18  Drone, Hatchery  
  117  13:19  Drone x6  
  118  13:28  Drone x2  
  118  13:29  Drone  
  118  13:30  Drone  
  122  13:37  Spore Crawler  
  122  13:38  Spine Crawler  
  122  13:41  Spine Crawler  
  119  13:44  Spore Crawler, Spine Crawler  
  119  13:47  Spine Crawler  
  116  13:54  Spore Crawler  
  115  13:55  Spine Crawler  
  115  13:57  Spine Crawler  
  115  14:00  Drone x8  
  115  14:01  Drone x2  
  123  14:12  Roach x8  
  139  14:17  Queen  
  141  14:25  Adrenal Glands  
  141  14:27  Zerg Melee Weapons Level 3  
  141  14:29  Zerg Missile Weapons Level 1  
  141  14:36  Zerg Flyer Armor Level 1  
  141  14:42  Roach x5  
  141  14:44  Zergling x8  
  141  14:45  Zergling x4  
  157  15:24  Baneling  
  157  15:25  Zergling x34  
  157  15:27  Baneling x10  
  157  15:28  Baneling x13  
  174  15:59  Drone  
  145  16:46  Zergling x14, Roach x10  
  145  16:47  Zergling x14  
  172  16:50  Zergling x22  
  140  17:11  Corruptor x11  
  158  17:17  Overseer x2  
  158  17:34  Extractor x2  
  156  17:38  Extractor  
  155  17:47  Baneling, Extractor  
  155  17:48  Baneling x10  
  155  17:50  Zergling x2  
  155  17:51  Roach x9  
  173  17:52  Zergling x14, Roach x2  
  173  17:54  Baneling x8  
  173  17:55  Baneling  
  151  18:35  Zergling x4  
  151  18:36  Zergling x44  
  164  18:50  Zergling x18  
  158  19:03  Zergling x10  
  158  19:04  Zergling x14  
Show
View Real Time Build Order
Export as new Build Order

ClsClassiC Terran 

Build Orders: Reaper Expand 

Get SALT Encoding   

  12  0:00  SCV  
  13  0:12  SCV  
  14  0:17  Supply Depot  
  14  0:24  SCV  
  15  0:38  SCV  
  15  0:40  Barracks  
  16  0:46  Refinery  
  16  0:50  SCV  
  17  1:02  SCV  
  18  1:14  SCV  
  19  1:27  Orbital Command  
  19  1:31  Reaper  
  20  1:42  Command Center  
  20  1:52  SCV  
  21  1:55  Supply Depot  
  21  2:05  Barracks  
  21  2:07  SCV  
  21  2:17  Factory  
  21  2:21  SCV  
  22  2:22  Refinery  
  22  2:27  Barracks Reactor  
  22  2:33  SCV  
  23  2:45  SCV  
  24  2:53  Barracks Tech Lab  
  24  2:55  Orbital Command  
  24  2:57  SCV  
  25  3:00  Starport  
  25  3:04  Marine  
  26  3:05  Marine  
  26  3:09  SCV  
  26  3:10  Factory Reactor  
  28  3:15  Marauder  
  30  3:21  SCV  
  30  3:23  SCV  
  30  3:24  Supply Depot  
  30  3:26  Marine x2  
  34  3:36  SCV x2  
  34  3:40  Supply Depot  
  36  3:43  Marine  
  36  3:44  Marine  
  36  3:48  SCV  
  39  3:51  Medivac  
  39  3:52  Medivac  
  39  3:53  SCV  
  44  4:00  SCV  
  45  4:05  SCV  
  46  4:12  Supply Depot, SCV  
  46  4:13  Marine x3  
  49  4:18  SCV, Factory Reactor  
  50  4:24  SCV  
  50  4:25  Medivac  
  50  4:30  SCV  
  54  4:33  Marine x3  
  54  4:35  Supply Depot  
  54  4:36  SCV  
  54  4:37  Stimpack  
  58  4:42  SCV  
  59  4:47  Command Center  
  59  4:49  SCV  
  60  4:55  Supply Depot  
  60  5:09  SCV  
  60  5:10  SCV  
  62  5:17  Refinery x2  
  62  5:22  SCV x2  
  62  5:24  Command Center  
  62  5:25  Widow Mine x2  
  68  5:34  SCV x2  
  70  5:42  Marauder, Marine x2  
  73  5:59  Orbital Command  
  73  6:00  Marine x2  
  75  6:07  Engineering Bay  
  75  6:10  Widow Mine x2  
  79  6:14  Marine  
  79  6:16  SCV  
  79  6:17  SCV  
  79  6:18  Marine x2  
  66  6:24  Viking  
  66  6:25  Viking  
  71  6:28  SCV  
  71  6:29  SCV  
  71  6:30  Factory  
  71  6:31  Widow Mine, Marine  
  71  6:32  Widow Mine  
  78  6:33  Factory  
  78  6:34  Factory  
  78  6:36  Marine x2  
  78  6:37  Orbital Command  
  80  6:42  Supply Depot  
  80  6:43  SCV  
  80  6:44  Missile Turret  
  80  6:46  SCV, Missile Turret  
  80  6:47  SCV  
  83  6:53  Hellion x2  
  87  6:55  SCV  
  87  6:56  Supply Depot  
  87  6:57  Supply Depot  
  87  6:58  Supply Depot, SCV  
  90  7:01  SCV  
  90  7:06  Sensor Tower  
  90  7:07  SCV  
  91  7:10  Medivac  
  91  7:11  SCV  
  94  7:19  Factory Tech Lab, Factory  
  94  7:20  Orbital Command  
  94  7:25  Factory  
  94  7:30  Factory  
  94  7:32  SCV x3  
  99  7:45  Refinery, SCV  
  99  7:46  SCV x2  
  99  7:48  Refinery  
  99  7:49  Missile Turret x2  
  100  7:59  Marine x2  
  95  8:14  Missile Turret x2  
  95  8:17  Marine  
  94  8:20  SCV x3  
  94  8:21  SCV  
  98  8:27  Factory Tech Lab  
  98  8:29  Armory  
  98  8:31  Armory  
  98  8:32  SCV x2  
  98  8:33  SCV  
  102  8:34  Neosteel Armor  
  102  8:36  Orbital Command  
  102  8:40  Marine x2  
  103  8:43  Siege Tank x2  
  103  8:44  SCV  
  103  8:45  Widow Mine x3  
  116  9:02  Refinery  
  116  9:03  Command Center  
  116  9:05  SCV  
  116  9:06  SCV x3  
  120  9:11  Refinery  
  120  9:13  Marine  
  120  9:17  SCV  
  120  9:18  SCV x3  
  120  9:19  Thor, Siege Tank x2  
  120  9:21  Hellbat x2  
  120  9:22  Hellion, Hellbat  
  120  9:23  Terran Vehicle Weapons Level 1, Terran Vehicle And Ship Armor Level 1  
  144  9:30  SCV x4  
  148  9:37  Supply Depot, Command Center  
  146  9:40  Supply Depot x2  
  146  9:42  SCV x4  
  135  9:53  Thor x2  
  135  9:54  SCV  
  135  9:55  Missile Turret  
  128  10:02  Thor  
  120  10:19  Hellbat x4  
  128  10:23  SCV x2  
  128  10:24  SCV  
  128  10:28  SCV  
  132  10:36  Thor x2  
  132  10:40  Hellbat  
  144  10:45  Thor  
  150  10:55  Orbital Command  
  148  11:01  Missile Turret, Hellbat x4  
  148  11:02  Missile Turret  
  139  11:12  Supply Depot  
  139  11:14  Planetary Fortress  
  137  11:18  Thor  
  137  11:19  Thor  
  137  11:20  Medivac x2  
  137  11:23  Hellbat  
  154  11:27  Supply Depot  
  154  11:31  Terran Vehicle Weapons Level 2  
  154  11:34  Hellbat x4  
  162  11:41  Barracks Tech Lab  
  162  11:44  Missile Turret, Barracks Tech Lab  
  162  11:49  Terran Vehicle And Ship Armor Level 2  
  162  11:54  SCV  
  160  12:15  SCV  
  125  12:34  Orbital Command  
  47  13:02  Orbital Command  
  47  13:03  Medivac x2  
  51  13:15  Missile Turret  
  51  13:25  Command Center  
  51  13:27  SCV x5  
  56  13:34  Hellbat x2  
  56  13:39  Thor, SCV x3  
  69  13:43  Siege Tank  
  69  13:44  SCV  
  73  13:49  Terran Vehicle Weapons Level 3  
  73  13:52  SCV x3  
  73  13:53  SCV  
  77  13:57  SCV, Hellbat  
  80  14:04  SCV x3  
  80  14:05  SCV, Missile Turret  
  80  14:09  SCV  
  85  14:11  Missile Turret  
  85  14:16  SCV  
  85  14:17  SCV, Siege Tank  
  90  14:22  Refinery  
  90  14:25  Refinery  
  90  14:27  SCV x3  
  90  14:28  SCV  
  94  14:35  Terran Vehicle And Ship Armor Level 3  
  94  14:41  Planetary Fortress  
  94  14:44  Supply Depot  
  94  14:46  SCV x4  
  94  14:49  SCV  
  94  14:52  Hi-Sec Auto Tracking  
  99  14:58  SCV x3  
  99  14:59  SCV  
  103  15:03  Thor  
  109  15:08  Liberator  
  109  15:10  Liberator  
  115  15:15  Supply Depot  
  115  15:18  Supply Depot  
  115  15:22  Supply Depot  
  115  15:30  Command Center  
  115  15:37  Thor  
  115  15:40  Infernal Pre-Igniter  
  121  15:48  Supply Depot  
  121  15:55  Supply Depot, Liberator  
  121  15:56  Liberator  
  127  16:01  Missile Turret  
  127  16:02  Missile Turret  
  127  16:06  Missile Turret  
  127  16:08  Thor  
  127  16:09  Siege Tank  
  136  16:30  Missile Turret  
  101  16:40  Orbital Command  
  79  16:58  Thor x3  
  79  16:59  Hellbat x4  
  99  17:02  SCV x2  
  98  17:20  SCV x6, Hellbat  
  105  17:32  SCV x3  
  108  17:39  Widow Mine x2  
  108  17:40  SCV x3  
  115  17:44  SCV x3  
  118  17:51  Refinery  
  118  17:52  SCV x3  
  118  17:57  Refinery  
  118  17:58  Thor  
  121  17:59  Hellbat  
  129  18:08  Siege Tank  
  129  18:11  Siege Tank  
  137  18:13  Hellbat  
  135  18:29  Orbital Command  
  109  18:35  Hellbat  
  109  18:40  Thor  
  109  18:41  Thor  
  89  18:48  Marine  
  94  18:52  Siege Tank, Hellbat  
  94  18:53  Hellbat x2  
Tags
 
Add a new tag
Caveats
  • Supply blocks, unpowered buildings, or Contaminate may cause inaccurate times.
  • Supply counts are checked every 10 seconds.